 Dungeon Crawl Stone Soup version 0.28-a0-983-g1de4e0787c (console) character file.

Game seed: 9048596741598130872

137 jejorda2 the Cudgeller (level 5, 0/46 HPs)
             Began as a Draconian Berserker on Dec 2, 2021.
             Was a Believer of Trog.
             Killed by divine providence
             ... invoked by an orc priest
              (7 damage)
             ... on level 3 of the Dungeon.
             The game lasted 00:04:25 (1645 turns).

jejorda2 the Cudgeller (Draconian Berserker)        Turns: 1645, Time: 00:04:25

Health: 0/46       AC:  7    Str: 19    XL:     5   Next: 0%
Magic:  5/5        EV: 13    Int:  7    God:    Trog [**....]
Gold:   71         SH:  0    Dex: 13    Spells: 4/4 levels left

rFire   + . .      SeeInvis .   a - +0 mace
rCold   + . .      Faith    +   (no shield)
rNeg    . . .      Spirit   .   (armour unavailable)
rPois   +          Reflect  .   (helmet restricted)
rElec   +          Harm     .   j - +0 cloak
rCorr   +          Rampage  .   e - +0 pair of gloves
Will    .....                   (no boots)
Stlth   +.........              k - amulet of faith
HPRegen 0.15/turn               (no ring)
MPRegen 0.09/turn               (no ring)

@: resistant, on berserk cooldown, slowed, very slow
A: AC +5, unfitting armour, cold-blooded
a: Renounce Religion, Berserk, Trog's Hand


You were on level 3 of the Dungeon.
You worshipped Trog.
Trog was pleased with you.
You visited 1 branch of the dungeon, and saw 3 of its levels.

You collected 71 gold pieces.

Inventory:

Hand Weapons
 a - a +0 mace (weapon)
Missiles
 b - 112 stones (quivered)
Armour
 e - a +0 pair of gloves (worn)
 j - a +0 cloak (worn)
Jewellery
 k - an amulet of faith (around neck)
Scrolls
 c - a scroll of teleportation {unknown}
 f - 5 scrolls of identify {unknown}
 g - 2 scrolls of enchant weapon {unknown}
 h - a scroll of noise {unknown}
 i - a scroll of torment {unknown}


   Skills:
 + Level 4.2 Fighting
 * Level 4.6 Maces & Flails
 + Level 3.4 Dodging


You had 4 spell levels left.
You didn't know any spells.
Your spell library was empty.

Dungeon Overview and Level Annotations

Branches:
Dungeon (3/15)

Altars:

Shops:
D:2 *:


Innate Abilities, Weirdness & Mutations

Your plain brown scales are hard. (AC +5)
You cannot fit into any form of body armour.
You are cold-blooded and may be slowed by cold attacks.


Message History

You hit the orc priest but do no damage.
Your tail-slap misses the orc priest.
The orc priest is moderately wounded.
The orc priest closely misses you.
The orc priest hits you with a +0 short sword.
You closely miss the orc priest.
The orc priest is moderately wounded.
The orc priest misses you.
The orc priest hits you with a +0 short sword.
You barely miss the orc priest.
You tail-slap the orc priest, but do no damage.
The orc priest is moderately wounded.
The orc priest mumbles some strange prayers to Beogh against you.
Pain shoots through your body!
The orc priest hits you but does no damage.
Okay, then.
You sock the orc priest!
The orc priest is almost dead.
The orc priest mumbles some strange prayers to Beogh against you.
Beogh smites you!
* * * LOW HITPOINT WARNING * * *
It was a potion of resistance.
You feel protected. The orc priest barely misses you.
The orc priest hits you with a +0 short sword.
* * * LOW HITPOINT WARNING * * *
You closely miss the orc priest.
Your tail-slap misses the orc priest.
The orc priest is almost dead.
The orc priest misses you.
The orc priest miscasts a cantrip.
The orc priest begins to cast a cantrip, but forgets the words!
You barely miss the orc priest.
The orc priest is almost dead.
The orc priest hits you with a +0 short sword.
* * * LOW HITPOINT WARNING * * *
You closely miss the orc priest.
Your tail-slap misses the orc priest.
The orc priest is almost dead.
The orc priest calls down the wrath of Beogh upon you.
Beogh smites you!
You die...

..........######......
...####...............
#................###
#####.#####..#########
..........)..#
......#####.## #..
..... #.# #..
......#####.# #..
.......oo@).# #
(o....####..# . . #..#
#..# #..# #..# #...
....


You could see 2 orc priests.

Vanquished Creatures
  An orc priest (D:3)
  An orc wizard (D:3)
  2 adders (D:3)
  A worm (D:2)
  3 dart slugs (D:1)
  An orc (D:3)
  4 endoplasms
  2 giant cockroaches
  6 hobgoblins
  2 quokkas (D:2)
  2 ball pythons
  5 bats
  5 frilled lizards
  9 goblins
  3 kobolds
  8 rats
55 creatures vanquished.

Notes
Turn   | Place    | Note
-------+----------+-------------------------------------------
     0 | D:1      | jejorda2 the Draconian Berserker began the quest for the
                  | Orb.
     0 | D:1      | Reached XP level 1. HP: 19/19 MP: 1/1
   128 | D:1      | Reached XP level 2. HP: 26/26 MP: 2/2
   277 | D:1      | You fall into a shaft and drop 1 floor!
   278 | D:2      | Found Askaig Zuxku's General Store.
   544 | D:2      | Reached XP level 3. HP: 23/31 MP: 3/3
   871 | D:2      | Found Ahodd's Book Shop.
   957 | D:2      | Reached ** piety under Trog
  1032 | D:2      | Found a faded altar of an unknown god.
  1445 | D:3      | Reached XP level 4. HP: 40/40 MP: 4/4
  1630 | D:3      | Reached XP level 5. HP: 46/46 MP: 5/5
  1645 | D:3      | Killed from afar by an orc priest

Illustrated notes

Levels and vault maps discovered:
D:1:      zaba_arrival_water, layout_rooms
D:2:      layout_rooms, chequers_ecumenical_altar_grove, serial_shops, shop,
          nicolae_shop_trees
D:3:      layout_basic, serial_shops, nicolae_shop_waterfront

Skill      XL: |  1  2  3  4 |
---------------+-------------+-----
Dodging        | 3 |  3.4
Maces & Flails | 4 |  4.6
Fighting       | 4 |  4.2

Action                   |  1- 3 |  4- 6 || total
-------------------------+-------+-------++-------
Melee: Mace              |    92 |    28 ||   120
       Tailslap          |    13 |     6 ||    19
Throw: Stone             |    30 |    17 ||    47
Invok: Berserk           |     1 |     1 ||     2
       Trog's Hand       |       |     1 ||     1
  Use: Potion            |       |     1 ||     1
 Stab: Sleeping          |     2 |       ||     2
Armor: Skin              |    28 |     9 ||    37
Dodge: Dodged            |    66 |    21 ||    87

Table legend: (Time is in decaauts)
 A = Elapsed time spent in this place.
 B = Non-inter-level travel time spent in this place.
 C = Inter-level travel time spent in this place.
 D = Time resting spent in this place.
 E = Time spent auto-exploring this place.
 F = Levels seen in this place.
 G = Mean time per level.
                   A        B        C        D        E       F      G
               +--------+--------+--------+--------+--------+-----+--------+
         Total |   1696 |   1627 |     69 |     87 |   1122 |   3 |  565.3 |
       Dungeon |   1696 |   1627 |     69 |     87 |   1122 |   3 |  565.3 |
               +--------+--------+--------+--------+--------+-----+--------+

Top non-repeatable levels by time:
     D:2: 861 daAuts
     D:1: 575 daAuts
     D:3: 259 daAuts
